 Dungeon Crawl Stone Soup version 0.29.1-1-gd02db6906a (webtiles) character file.

Game seed: 13247913387442568380

10013 Godmorgon the Thaumaturge (level 11, -3/82 HPs)
             Began as a Djinni Ice Elementalist on Oct 2, 2022.
             Was a Priest of Makhleb.
             Slain by a basilisk (7 damage)
             ... while petrified by a basilisk
             ... on level 1 of the Lair of Beasts.
             The game lasted 00:56:48 (13704 turns).

Godmorgon the Thaumaturge (DjIE)                   Turns: 13704, Time: 00:56:49

Health: -3/82      AC:  7    Str:  7    XL:     11   Next: 85%
Gold:   641        EV:  2    Int: 21    God:    Makhleb [***...] SH:  0 Dex: 14

rFire   + + .      SeeInvis .   a - +0 scimitar
rCold   . . .      Faith    .   (no shield)
rNeg    + + +      Spirit   .   b - +0 robe
rPois   ∞          Reflect  .   (no helmet)
rElec   .          Harm     .   n - +0 cloak
rCorr   .          Rampage  .   (no gloves)
Will    +....                   (boots unavailable)
Stlth   ++........              (no amulet)
HPRegen 0.23/turn               E - ring of protection from cold
MPRegen 0.00/turn               f - +4 ring of protection

@: petrified, flying
A: sickness immunity, fire resistance 2, cold vulnerability 1, float, innate
caster, HP casting, extra vitality 1
a: Renounce Religion, Minor Destruction, Lesser Servant of Makhleb


You were on level 1 of the Lair of Beasts.
You worshipped Makhleb.
Makhleb was most pleased with you.
You visited 3 branches of the dungeon, and saw 12 of its levels.

You collected 686 gold pieces.
You spent 45 gold pieces at shops.

Inventory:

Hand Weapons
 a - a +0 scimitar (weapon)
Missiles
 c - 6 stones
 h - 22 poisoned darts (quivered)
Armour
 b - a +0 robe (worn)
 n - a +0 cloak (worn)
Jewellery
 f - a +4 ring of protection (right hand)
 y - a ring of wizardry
 E - a ring of protection from cold (left hand)
Wands
 q - a wand of mindburst (5)
 v - a wand of digging (5)
 x - a wand of flame (51)
Scrolls
 d - 2 scrolls of amnesia {unknown}
 e - 3 scrolls of identify {unknown}
 i - 3 scrolls of teleportation
 j - 4 scrolls of noise {unknown}
 o - a scroll of immolation {unknown}
 p - a scroll of torment {unknown}
 r - 4 scrolls of poison {unknown}
 s - 2 scrolls of fear {unknown}
 u - 3 scrolls of blinking {unknown}
 w - 2 scrolls of vulnerability {unknown}
 z - a scroll of silence {unknown}
 C - 2 scrolls of magic mapping {unknown}
 D - a scroll of enchant armour {unknown}
Potions
 g - 3 potions of heal wounds {unknown}
 l - 2 potions of curing
 m - 2 potions of haste {unknown}
 t - 3 potions of magic {unknown}
 A - 2 potions of degeneration {unknown}
 B - 2 potions of brilliance {unknown}
 F - 2 potions of lignification {unknown}
 G - a potion of mutation {unknown}
 H - a potion of flight {unknown}


   Skills:
 + Level 8.3 Fighting
 * Level 6.1 Long Blades
 - Level 4.0 Armour
 - Level 5.0 Dodging
 - Level 1.5 Stealth
 + Level 9.0 Spellcasting
 * Level 7.3 Invocations


You had 4 spell levels left.
You knew the following spells:

 Your Spells              Type           Power      Damage    Failure   Level
a - Ozocubu's Armour      Ice            47%        N/A       1%          3
b - Anguish               Hex/Necr       23%        N/A       1%          4
c - Call Imp              Summ           47%        N/A       1%          2
f - Freeze                Ice            100%       1d11      1%          1
h - Hailstorm             Conj/Ice       47%        3d11      1%          4
i - Ice Form              Ice/Tmut       47%        N/A       1%          4
r - Frozen Ramparts       Ice            94%        1d15      1%          3
s - Scorch                Fire           94%        2d10      1%          2
S - Sting                 Tmut/Pois      100%       1d8       1%          1
Your spell library was empty.

Dungeon Overview and Level Annotations

Branches:
Dungeon (10/15)            Temple (1/1) D:4            Lair (1/5) D:9
    Orc: D:9-12

Altars:
Ashenzari
Cheibriados
Dithmenos
Elyvilon
Fedhas
Gozag
Hepliaklqana
Makhleb
Nemelex Xobeh
Okawaru
Qazlal
Ru
Trog
Uskayaw
Wu Jian
Xom
Yredelemnul
Zin
The Shining One

Shops:
D:2 [   D:10 !*

Annotations:
Lair:1 2 transporters


Innate Abilities, Weirdness & Mutations

You are immune to sickness and miasma.
You are immune to poison.
Your flesh is very heat resistant. (rF++)
You are vulnerable to cold. (rC-)
You float through the air rather than walking.
You learn spells naturally, not from books.
Your magical power is your life essence.
You have superior vitality. (+4 MHP)


Message History

You kill the wolf!
Makhleb accepts your kill.
A nearby plant withers and dies.
Your Spellcasting skill increases to level 9!
Your icy armour cracks and falls away as you move.
The frozen ramparts melt away as you move.
Okay, then.
Okay, then.
Unknown command.
You hear the loud beating of a distant drum.
Found a leather armour.
Found 9 gold pieces.
You now have 641 gold pieces (gained 9).
A six-headed hydra comes into view.
The six-headed hydra moves out of view.
As you read the scroll of teleportation, it crumbles to dust.
You feel strangely unstable.
Your surroundings suddenly seem different.
A basilisk comes into view.
The basilisk hisses angrily.
The basilisk gazes at you.
You are slowing down.
Okay, then.
You feel better. The basilisk bites you!
* * * LOW HITPOINT WARNING * * *
Your limbs are stiffening.
You barely miss the basilisk. The basilisk bites you.
* * * LOW HITPOINT WARNING * * *
The basilisk bites you!
* * * LOW HITPOINT WARNING * * *
You have turned to stone.
The basilisk bites you.
* * * LOW HITPOINT WARNING * * *
The basilisk gazes at you.
You easily resist.
The basilisk bites you.
* * * LOW HITPOINT WARNING * * *
The basilisk barely misses you. The basilisk bites you!
You die...

#...###.[.......
...........###P...#
###.###..### #...#
#..###.## ...#
P.##..# #.. #.###.#
#.. ###.###.# #.#
#.#..#..## #.#
##.......##### #@#
......<.........l#
..##
##...##..######.##
##..# ###.###.## ##
#...## #.# #.# ###
####....## ##.# #..
..# #........###
#..# #.# ..#
#.......... ##.#
### #.. #.........#
#.# ##.#
#####.........


You could see a basilisk.

Vanquished Creatures
  A boulder beetle (Lair:1)
  A two-headed ogre (D:10)
  Pikel (D:8)
  Maurice (D:8)
  A black mamba (Lair:1)
  2 trolls
  A hornet (D:9)
  14 yaks
  A vampire (D:9)
  3 wyverns
  A wraith (D:10)
  2 steam dragons
  2 ice beasts
  2 orc warriors (D:9)
  3 sky beasts
  2 black bears (D:9)
  2 centaurs
  3 wolves (Lair:1)
  3 ogres
  2 kobold brigands
  A lemure (D:8)
  2 bullfrogs
  4 scorpions
  A necrophage (D:5)
  12 wights
  6 killer bees
  2 vampire bats (D:5)
  9 howler monkeys
  2 hounds (D:4)
  A jelly (D:7)
  A gnoll bouda (D:8)
  3 orc priests
  Jessica (D:2)
  4 iguanas
  Terence (D:2)
  8 orc wizards
  4 gnolls
  4 adders
  2 ufetubi
  4 worms
  A dart slug (D:1)
  29 orcs
  4 ball pythons
  4 endoplasms
  3 giant cockroaches
  6 goblins
  10 hobgoblins
  2 jackals (D:3)
  6 quokkas
  13 bats
  A frilled lizard (D:1)
  16 kobolds
  3 rats
218 creatures vanquished.

Vanquished Creatures (others)
  9 fungi (D:9)
  11 plants
20 creatures vanquished.

Grand Total: 238 creatures vanquished

Notes
Turn   | Place    | Note
-------+----------+-------------------------------------------
     0 | D:1      | Godmorgon the Djinni Ice Elementalist began the quest for
                  | the Orb.
     0 | D:1      | Godmorgon set off with the following spells memorised:
                  | Freeze, Frozen Ramparts, Ozocubu's Armour, Hailstorm.
     0 | D:1      | Reached XP level 1. HP: 15/15 MP: 0/0
   145 | D:1      | Reached XP level 2. HP: 12/22 MP: 0/0
   454 | D:1      | Reached skill level 1 in Fighting
   621 | D:1      | Reached XP level 3. HP: 20/27 MP: 0/0
   621 | D:1      | Learned a level 1 spell: Sting
  1460 | D:2      | Reached skill level 4 in Spellcasting
  1460 | D:2      | Reached XP level 4. HP: 22/32 MP: 0/0
  1749 | D:2      | Found a hazy altar of Hepliaklqana.
  1813 | D:2      | Noticed Terence
  1824 | D:2      | Killed Terence
  2338 | D:2      | Found a faded altar of an unknown god.
  2424 | D:2      | Reached XP level 5. HP: 34/38 MP: 0/0
  2424 | D:2      | Learned a level 2 spell: Scorch
  2457 | D:2      | Found Nuishreno's Armour Emporium.
  2602 | D:2      | Noticed Jessica
  2616 | D:2      | Killed Jessica
  3486 | D:3      | Found a sparkling altar of Nemelex Xobeh.
  3679 | D:4      | Found a staircase to the Ecumenical Temple.
  3688 | Temple   | Entered the Ecumenical Temple
  3833 | Temple   | Became a worshipper of Makhleb the Destroyer
  3850 | D:4      | Reached XP level 6. HP: 43/45 MP: 0/0
  3916 | D:4      | Reached skill level 5 in Spellcasting
  4041 | D:4      | Noticed a sky beast
  4053 | D:4      | Killed a sky beast
  4054 | D:4      | Reached XP level 7. HP: 38/50 MP: 0/0
  4054 | D:4      | Learned a level 2 spell: Call Imp
  4625 | D:5      | Entered Level 5 of the Dungeon
  4638 | D:5      | Noticed a steam dragon
  4646 | D:5      | Killed a steam dragon
  4899 | D:5      | Reached skill level 6 in Spellcasting
  5109 | D:5      | Reached XP level 8. HP: 49/58 MP: 0/0
  5260 | D:5      | Reached * piety under Makhleb
  5644 | D:5      | Reached skill level 5 in Fighting
  5898 | D:6      | Reached skill level 7 in Spellcasting
  6250 | D:6      | Reached XP level 9. HP: 50/66 MP: 0/0
  6250 | D:6      | Learned a level 4 spell: Anguish
  6260 | D:6      | Identified the +6 hand axe "Cidiweir" {drain, rC- rCorr
                  | Str+3 Dex+3}
  6836 | D:6      | Reached skill level 8 in Spellcasting
  7655 | D:7      | Reached skill level 1 in Invocations
  7662 | D:7      | Reached skill level 1 in Armour
  8093 | D:7      | Reached ** piety under Makhleb
  8861 | D:8      | Reached skill level 1 in Long Blades
  8861 | D:8      | Reached XP level 10. HP: 28/73 MP: 0/0
  9626 | D:8      | Noticed Maurice
  9647 | D:8      | Killed Maurice
 10208 | D:8      | Noticed Pikel
 10213 | D:8      | Killed Pikel
 10214 | D:8      | Reached skill level 5 in Invocations
 10963 | D:9      | Reached XP level 11. HP: 72/79 MP: 0/0
 10963 | D:9      | Learned a level 4 spell: Ice Form
 11624 | D:9      | Found a staircase to the Lair.
 11872 | D:9      | Reached skill level 5 in Dodging
 11993 | D:10     | Entered Level 10 of the Dungeon
 12017 | D:10     | Found a blossoming altar of Fedhas.
 12330 | D:10     | Found an ornate altar of the Wu Jian Council.
 12361 | D:10     | Noticed a two-headed ogre
 12369 | D:10     | Killed a two-headed ogre
 12369 | D:10     | Reached *** piety under Makhleb
 12370 | D:10     | Reached skill level 5 in Long Blades
 12680 | D:10     | Found Qaen's Distillery.
 12683 | D:10     | Bought a potion of curing for 45 gold pieces
 12835 | D:10     | Found Olyruv's Lightly-Used Armoury.
 12861 | D:10     | Found a large runed translucent door.
 12862 | D:10     | Found a large runed translucent door.
 13240 | D:10     | Found a broken altar of Ashenzari.
 13249 | D:10     | Found an opulent altar of Gozag.
 13461 | Lair:1   | Entered Level 1 of the Lair of Beasts
 13492 | Lair:1   | Found a transporter.
 13493 | Lair:1   | Found a transporter.
 13593 | Lair:1   | Noticed a boulder beetle
 13605 | Lair:1   | Killed a boulder beetle
 13643 | Lair:1   | HP: 2/81 [wolf (8)]
 13650 | Lair:1   | Reached skill level 9 in Spellcasting
 13687 | Lair:1   | Noticed a six-headed hydra
 13702 | Lair:1   | HP: 4/82 [basilisk (2)]
 13704 | Lair:1   | Slain by a basilisk

Illustrated notes

Levels and vault maps discovered:
D:1:      onia_arrival_mini_maze, layout_rooms
D:2:      layout_basic, basic_altar, basic_ecumenical_altar, serial_shops,
          shop_statue, minmay_misc_feat_x, uniq_jessica, uniq_terence
D:3:      layout_basic, general_overflow_altar, chequers_serial_rivers_small_b
D:4:      layout_cave_pools, minmay_temple_entry_tees, cheibrodos_gnoll_hut
D:5:      layout_gridville, roderic_batcave
D:6:      layout_layer_cave
D:7:      layout_loops_ring
D:8:      layout_basic, uniq_maurice, uniq_pikel
D:9:      layout_basic, grunt_lair_entry_orc_guard_hut
D:10:     layout_gridville, nzn_wu_jian_council_hall, overflow_temple_1_default,
          jmf_multi_god_temple2, serial_shops, shop, minmay_shop_damaged
Temple:   nicolae_temple_bog_church
Lair:1:   layout_loops_ring, gammafunk_ghost_hive, gauntlet_entry_generic,
          special_room [special_room_bee]

Skill      XL: |  1  2  3  4  5  6  7  8  9 10 11 |
---------------+----------------------------------+-----
Fighting       | 1 2 3 4 5 6 7 8 |  8.3
Spellcasting   | 4 5 6 7 8 9 |  9.0
Invocations    | 3 5 7 |  7.3
Armour         | 2 3 4 |  4.0
Dodging        | 3 4 5 |  5.0
Long Blades    | 1 4 6 |  6.1
Stealth        | |  1.5

Action                   |  1- 3 |  4- 6 |  7- 9 | 10-12 || total
-------------------------+-------+-------+-------+-------++-------
Melee: Dagger            |     6 |    28 |       |       ||    34
       Short sword       |     9 |       |       |       ||     9
       Punch             |       |     2 |       |     2 ||     4
       Club              |       |    11 |    20 |       ||    31
       Morningstar       |       |       |     9 |       ||     9
       Falchion          |       |       |       |     8 ||     8
       Scimitar          |       |       |       |    69 ||    69
       Unarmed           |       |       |       |    49 ||    49
Throw: Stone             |    14 |       |     1 |     4 ||    19
 Cast: Freeze            |    27 |       |       |       ||    27
       Frozen Ramparts   |     8 |    19 |    22 |    26 ||    75
       Sting             |     7 |     1 |       |     5 ||    13
       Ozocubu's Armour  |     2 |     5 |    12 |    15 ||    34
       Scorch            |       |    27 |   113 |    81 ||   221
       Call Imp          |       |       |     2 |       ||     2
       Ice Form          |       |       |       |     6 ||     6
Invok: Minor Destruction |       |       |       |     1 ||     1
Evoke: Wand              |       |       |       |     1 ||     1
  Use: Scroll            |       |       |     1 |     2 ||     3
       Potion            |       |       |       |     4 ||     4
 Stab: Sleeping          |       |       |       |     1 ||     1
Armor: Robe              |    11 |    25 |    38 |    16 ||    90
       Skin              |       |       |       |    41 ||    41
Dodge: Dodged            |    26 |    22 |    65 |    81 ||   194
